 Dungeon Crawl Stone Soup version 0.23.2-1-ga50397a6bc (webtiles) character file.

Game seed: 8746966876813241977

9746 Rediskos the Cleaver (level 11, -6/99 HPs)
             Began as a Minotaur Berserker on May 26, 2019.
             Was an Elder of Trog.
             Mangled by an air elemental (7 damage)
             ... on level 2 of the Abyss.
             The game lasted 00:24:24 (9955 turns).

Rediskos the Cleaver (Minotaur Berserker)           Turns: 9955, Time: 00:24:24

Health: -6/99      AC: 20    Str: 24    XL:     11   Next: 27%
Magic:  4/4        EV: 15    Int:  5    God:    Trog [****..]
Gold:   528        SH:  0    Dex: 17    Spells: 10/10 levels left

rFire    + . .     SeeInvis .   B - +0 war axe
rCold    + + .     Gourm    .   (no shield)
rNeg     . . .     Faith    .   J - +0 plate armour
rPois    .         Spirit   .   (helmet restricted)
rElec    .         Reflect  .   G - +1 cloak
rCorr    .         Harm     .   i - +2 pair of gloves {Dex+3}
MR       +....                  (no boots)
Stlth    ..........             H - amulet of Xicol {RegenMP rC++ MR+ MP-9 Dex+4}
HPRegen  0.26/turn              y - +3 ring of evasion
MPRegen  0.34/turn              z - ring of protection from fire

@: berserk cooldown, slowed, very slow
A: retaliatory headbutt, horns 2, [blurry vision 2]
a: Berserk, Trog's Hand, Brothers in Arms, Renounce Religion


You were on level 2 of the Abyss.
You worshipped Trog.
Trog was greatly pleased with you.
You were near starving.

You visited 1 branch of the dungeon, and saw 10 of its levels.
You visited the Abyss 1 time.

You collected 528 gold pieces.

Inventory:

Hand Weapons
 a - a +1 hand axe
 B - a +0 war axe (weapon)
 M - a +8 battleaxe of chopping
Missiles
 f - 7 poisoned javelins (quivered)
 q - 5 throwing nets
Armour
 b - a +0 animal skin
 g - a +1 chain mail
 i - a +2 pair of gloves of dexterity (worn)
 s - a +0 cloak
 G - a +1 cloak (worn)
 J - a +0 plate armour (worn)
Jewellery
 y - a +3 ring of evasion (left hand)
 z - a ring of protection from fire (right hand)
 H - the amulet of Xicol (around neck) {RegenMP rC++ MR+ MP-9 Dex+4}
   (You found it on level 7 of the Dungeon)

   [amulet of magic regeneration]

   It increases your magic regeneration.
   It affects your dexterity (+4).
   It greatly protects you from cold.
   It affects your resistance to hostile enchantments.
   It affects your magic capacity (-9).
 L - an uncursed amulet of guardian spirit
Wands
 e - a wand of acid (23)
 w - a wand of random effects (22)
 x - a wand of flame (48)
Scrolls
 j - 6 scrolls of identify
 l - 2 scrolls of noise
 n - a scroll of random uselessness
 o - 3 scrolls of enchant armour
 t - 7 scrolls of remove curse
 u - a scroll of enchant weapon
 D - 2 scrolls of magic mapping
 F - 3 scrolls of blinking
Potions
 d - 3 potions of might
 k - 2 potions of lignification
 m - 3 potions of mutation
 p - a potion of brilliance
 r - 2 potions of curing
 v - a potion of agility
 C - a potion of berserk rage
Comestibles
 c - 19 rations
 h - a chunk of flesh


   Skills:
 + Level 9.9 Fighting
 * Level 13.0 Axes
 + Level 9.5 Armour
 + Level 8.7 Dodging
 + Level 4.1 Evocations


You had 10 spell levels left.
You didn't know any spells.
Your spell library was empty.

Dungeon Overview and Level Annotations

Branches:
Dungeon (10/15)            Temple (0/1) D:4             Orc (0/2) D:9
   Lair: D:8-11

Altars:
Cheibriados
Fedhas
Gozag
Okawaru
Ru
Uskayaw
Zin
The Shining One

Shops:
D:5 !   D:9 %

Annotations:
D:4 1 runed translucent door, u8823's ghost, amateur FeCj
D:8 3 runed translucent doors, OMOHnopBeT's ghost, journeyman MiFi
D:10 Urug


Innate Abilities, Weirdness & Mutations

You reflexively headbutt those who attack you in melee.
You have a pair of horns on your head.
[Scrolls take you longer to read.]


Message History

The raiju bursts into living lightning!
The living lightning hits you!
* * * LOW HITPOINT WARNING * * *
The living lightning hits you.
* * * LOW HITPOINT WARNING * * *
The raiju blinks!
The air elemental closely misses you. The air elemental barely misses you.
The raiju bursts into living lightning!
The living lightning misses you.
The living lightning hits the air elemental.
The air elemental completely resists.
The living lightning hits the air elemental.
The air elemental completely resists.
The living lightning misses you.
The raiju blinks! x3
The air elemental hits you but does no damage.
The raiju bursts into living lightning!
The living lightning misses you. The living lightning hits you!
* * * LOW HITPOINT WARNING * * *
The raiju blinks! x2; The air elemental hits you!
You die...

. .# . ###
.# .. . #..
#. #.# #..
#..#. ##..#
#...#.h##..#
## ##..§@Eh#
#.
#.###§#.##
......###.#
#.##.##§##
##§...E§#.#
#.§...§§#..#
.#.#.÷.# .#
##.#....# ##
# #
.##.#.....


You could see 2 raiju and an air elemental.

Vanquished Creatures
  Harold (D:9)
  3 two-headed ogres
  Pikel (D:5)
  Maurice (D:8)
  Prince Ribbit (D:5)
  A large abomination (Abyss:2)
  2 hippogriffs (D:8)
  A raiju (Abyss:2)
  Sigmund (D:2)
  5 yaks (D:9)
  A warg (D:9)
  A black bear (D:8)
  3 sky beasts
  5 orc warriors
  2 phantoms
  2 centaurs (D:8)
  4 ogres
  3 big kobolds
  4 bullfrogs
  2 gnoll sergeants (D:9)
  A water moccasin zombie (D:7)
  3 killer bees (D:9)
  3 scorpions
  5 wights (D:6)
  A howler monkey (D:7)
  An electric eel (D:7)
  A crimson imp (D:5)
  2 bullfrog zombies (D:5)
  3 hounds
  10 orc priests
  A centaur zombie (D:7)
  A bullfrog skeleton (D:7)
  2 jellies
  9 orc wizards
  Crazy Yiuf (D:5)
  4 worker ants
  A hound zombie (D:7)
  2 worker ant zombies
  A howler monkey skeleton (D:8)
  10 adders
  8 gnolls (D:9)
  4 shadow imps
  3 oozes
  An adder zombie (D:8)
  4 worms
  A dart slug (D:2)
  5 leopard geckos
  38 orcs
  A ball python (D:3)
  13 bats
  4 giant cockroaches
  13 goblins
  10 hobgoblins
  8 jackals
  25 kobolds
  3 quokkas
  6 frilled lizards
  A jackal skeleton (D:4)
  A quokka skeleton (D:6)
  A quokka zombie (D:8)
  6 rats
262 creatures vanquished.

Vanquished Creatures (collateral kills)
  A raiju (Abyss:2)
  A hornet (D:9)
  2 soldier ants (D:9)
  A worm (D:9)
5 creatures vanquished.

Vanquished Creatures (others)
  A lurking horror (Abyss:2)
1 creature vanquished.

Grand Total: 268 creatures vanquished

Notes
Turn   | Place    | Note
-------+----------+-------------------------------------------
     0 | D:1      | Rediskos the Minotaur Berserker began the quest for the
                  | Orb.
     0 | D:1      | Reached XP level 1. HP: 19/19 MP: 0/0
   227 | D:1      | Reached XP level 2. HP: 26/27 MP: 1/1
   229 | D:1      | Reached skill level 4 in Axes
   761 | D:2      | Reached XP level 3. HP: 33/33 MP: 2/2
   915 | D:2      | Reached ** piety under Trog
  1482 | D:2      | Noticed Sigmund
  1483 | D:2      | Reached XP level 4. HP: 40/40 MP: 3/3
  1497 | D:2      | Killed Sigmund
  1497 | D:2      | Reached skill level 5 in Axes
  1497 | D:2      | Reached XP level 5. HP: 47/47 MP: 4/4
  1656 | D:2      | Found a snail-covered altar of Cheibriados.
  1799 | D:3      | Reached skill level 5 in Fighting
  1799 | D:3      | Reached skill level 6 in Axes
  1799 | D:3      | Reached XP level 6. HP: 47/56 MP: 5/5
  2066 | D:3      | Reached *** piety under Trog
  3203 | D:4      | Reached XP level 7. HP: 48/61 MP: 6/6
  3261 | D:4      | Found a staircase to the Ecumenical Temple.
  3387 | D:4      | Reached skill level 7 in Axes
  3536 | D:4      | Found a runed translucent door.
  3537 | D:4      | Noticed u8823's ghost (amateur FeCj)
  3641 | D:5      | Entered Level 5 of the Dungeon
  3873 | D:5      | Found Suopavy's Distillery.
  3916 | D:5      | Noticed Prince Ribbit
  3925 | D:5      | Killed Prince Ribbit
  3925 | D:5      | Reached skill level 5 in Armour
  4045 | D:5      | Reached **** piety under Trog
  4250 | D:5      | Noticed Pikel
  4267 | D:5      | Killed Pikel
  4267 | D:5      | Reached skill level 8 in Axes
  4267 | D:5      | Reached skill level 5 in Dodging
  4267 | D:5      | Reached XP level 8. HP: 71/71 MP: 7/7
  4424 | D:5      | Found a blossoming altar of Fedhas.
  4591 | D:5      | Found a runed translucent door.
  4592 | D:5      | Noticed Crazy Yiuf
  4666 | D:5      | Killed Crazy Yiuf
  4777 | D:6      | Found a sacrificial altar of Ru.
  4787 | D:6      | Reached skill level 9 in Axes
  5105 | D:6      | Reached XP level 9. HP: 52/79 MP: 8/8
  5841 | D:7      | Reached skill level 10 in Axes
  6096 | D:7      | Found an opulent altar of Gozag.
  6161 | D:7      | Found a glowing golden altar of the Shining One.
  6178 | D:7      | Got a wavering platinum amulet
  6179 | D:7      | Identified the amulet of Xicol {RegenMP rC++ MR+ MP-9
                  | Dex+4} (You found it on level 7 of the Dungeon)
  6839 | D:8      | Found a runed translucent gate.
  6839 | D:8      | Found a runed translucent gate.
  6839 | D:8      | Found an opulent altar of Gozag.
  6839 | D:8      | Noticed Maurice
  6850 | D:8      | Noticed a two-headed ogre
  6851 | D:8      | Reached skill level 11 in Axes
  6855 | D:8      | Reached ***** piety under Trog
  6855 | D:8      | Reached skill level 1 in Evocations
  6860 | D:8      | Killed a two-headed ogre
  6860 | D:8      | Reached XP level 10. HP: 50/90 MP: 1/10
  7906 | D:6      | Found a sacrificial altar of Ru.
  8232 | D:8      | Found a runed translucent gate.
  8398 | D:8      | Killed Maurice
  8436 | D:8      | Found an iron altar of Okawaru.
  8546 | D:8      | Noticed an ice dragon
  8547 | D:8      | Noticed OMOHnopBeT's ghost (journeyman MiFi)
  8630 | D:9      | Noticed a +0 hand axe
  8631 | D:9      | Found a hide-covered altar of Uskayaw.
  8632 | D:9      | Noticed a +0 dagger
  8665 | D:9      | Noticed a two-headed ogre
  8671 | D:9      | Killed a two-headed ogre
  8671 | D:9      | Reached skill level 12 in Axes
  8762 | D:9      | Found a staircase to the Orcish Mines.
  9002 | D:9      | Noticed a two-headed ogre
  9011 | D:9      | Killed a two-headed ogre
  9011 | D:9      | Reached XP level 11. HP: 74/97 MP: 3/12
  9325 | D:9      | Found Ceygif's Food Emporium.
  9326 | D:9      | Noticed Harold
  9340 | D:9      | Killed Harold
  9387 | D:9      | Received a gift from Trog
  9564 | D:9      | Paralysed by a hornet for 3 turns
  9720 | D:9      | Found a glowing silver altar of Zin.
  9752 | D:10     | Entered Level 10 of the Dungeon
  9752 | D:10     | Noticed Urug
  9755 | D:10     | Cast into level 1 of the Abyss (Urug)
  9792 | Abyss:1  | Noticed a starcursed mass
  9881 | Abyss:2  | Reached skill level 13 in Axes
  9897 | Abyss:2  | Noticed a wretched star
  9955 | Abyss:2  | HP: 1/99 [raiju/living lightning (8)]
  9955 | Abyss:2  | Mangled by an air elemental

Skill      XL: |  1  2  3  4  5  6  7  8  9 10 11 |
---------------+----------------------------------+-----
Axes           | 4 5 6 8 9 11 12 13 | 13.0
Fighting       | 4 5 6 7 8 9 |  9.9
Armour         | 3 4 6 8 9 |  9.5
Dodging        | 3 4 5 6 7 8 |  8.7
Evocations     | 1 3 4 |  4.1

Action                   |  1- 3 |  4- 6 |  7- 9 | 10-12 || total
-------------------------+-------+-------+-------+-------++-------
Melee: Hand axe          |    68 |   128 |   186 |       ||   382
       Headbutt          |    16 |    27 |    60 |    57 ||   160
       War axe           |       |       |    79 |   197 ||   276
Throw: Javelin           |     2 |       |       |       ||     2
Invok: Berserk           |     2 |     1 |     6 |    10 ||    19
       Trog's Hand       |       |     1 |       |     4 ||     5
       Brothers in Arms  |       |       |       |     2 ||     2
Evoke: Wand              |       |       |       |     2 ||     2
  Use: Scroll            |       |       |    19 |     5 ||    24
       Potion            |       |       |       |     1 ||     1
  Eat: Chunk             |     3 |     7 |    14 |    16 ||    40
       Ration            |       |       |     1 |     1 ||     2
Armor: Chain mail        |    49 |    68 |   117 |    16 ||   250
       Animal skin       |     1 |       |       |       ||     1
       Plate armour      |       |       |       |    77 ||    77
Dodge: Dodged            |    36 |    61 |   147 |   178 ||   422
